 Dungeon Crawl Stone Soup version 0.28.0-45-g0d030f2227 (webtiles) character file.

Game seed: 11437520715012344513

10 pkoi the Twirler (level 2, -2/24 HPs)
             Began as a Demigod Gladiator on Apr 8, 2022.
             Slain by a goblin
             ... wielding a +0 club
             ... led by Robin
              (3 damage)
             ... on level 2 of the Dungeon.
             The game lasted 00:00:15 (72 turns).

pkoi the Twirler (Demigod Gladiator)                  Turns: 72, Time: 00:00:16

Health: -2/24      AC:  4    Str: 15    XL:     2   Next: 0%
Magic:  4/4        EV: 12    Int: 10    God:
Gold:   0          SH:  0    Dex: 15    Spells: 1/1 levels left

rFire   . . .      SeeInvis .   a - +0 quarterstaff
rCold   . . .      Faith    .   (shield currently unavailable)
rNeg    . . .      Spirit   .   b - +0 leather armour
rPois   .          Reflect  .   c - +0 helmet
rElec   .          Harm     .   (no cloak)
rCorr   .          Rampage  .   (no gloves)
Will    .....                   (no boots)
Stlth   +.........              (no amulet)
HPRegen 0.08/turn               (no ring)
MPRegen 0.09/turn               (no ring)

@: no status effects
A: high MP 1, forlorn, divine attributes
a: no special abilities


You were on level 2 of the Dungeon.
You visited 1 branch of the dungeon, and saw 2 of its levels.

Inventory:

Hand Weapons
 a - a +0 quarterstaff (weapon)
Missiles
 d - 3 throwing nets (quivered)
Armour
 b - a +0 leather armour (worn)
 c - a +0 helmet (worn)
Scrolls
 e - a scroll of brand weapon {unknown}


   Skills:
 - Level 1.7 Fighting
 + Level 3.3 Staves
 - Level 1.7 Throwing
 - Level 2.6 Dodging


You had one spell level left.
You didn't know any spells.
Your spell library was empty.

Dungeon Overview and Level Annotations

Branches:
Dungeon (1/15)

Annotations:
D:2 Robin


Innate Abilities, Weirdness & Mutations

You have an increased reservoir of magic. (+10% MP)
You shall have no god before yourself.
Your divine heritage dramatically boosts your attributes as you level up.


Message History

You hear a shout! x2
A goblin comes into view. It is wielding a +0 club.
You hear a shout!
You sock the hobgoblin!
You kill the hobgoblin!
You have reached level 2!
You hit Robin.
Robin is moderately wounded.
A goblin comes into view. It is wielding a +0 dagger. x2
Robin flexes a bicep menacingly.
Robin roars a battlecry!
The goblin goes into a battle-frenzy!
Unknown command.
You hit Robin.
Robin is severely wounded.
Robin completely misses you.
You barely miss Robin.
Robin is severely wounded.
Robin throws the goblin at you!
Unknown command.
You hit Robin but do no damage.
Robin is severely wounded.
The goblin barely misses you. Robin closely misses you.
Unknown command.
You barely miss Robin.
Robin is severely wounded.
The goblin hits you with a +0 club.
* * * LOW HITPOINT WARNING * * *
Robin hits you with a +0 mace.
* * * LOW HITPOINT WARNING * * *
Unknown command.
You hit Robin.
Robin is severely wounded.
The goblin hits you but does no damage. Robin hits you with a +0 mace.
* * * LOW HITPOINT WARNING * * *
Unknown command.
Unknown command.
You aren't carrying any potions.
The goblin hits you with a +0 club.
You die...

g. #g #g #
######. .#
.......###.#
=.......!..#
###
#####...##
..#
#g.gg....#
#.#
#@###...##
#.# #.# ##>##
#.# #.# .#
#.# #)# .#
#.# #.# .#
#.# #.# .#
#.# #.# .#
######>####.#
#...........#


You could see Robin and 2 goblins.

Vanquished Creatures
  4 goblins (D:2)
  A hobgoblin (D:2)
  A bat (D:1)
  A frilled lizard (D:2)
  2 kobolds
  A rat (D:1)
10 creatures vanquished.

Vanquished Creatures (others)
  2 plants (D:2)
2 creatures vanquished.

Grand Total: 12 creatures vanquished

Notes
Turn   | Place    | Note
-------+----------+-------------------------------------------
     0 | D:1      | pkoi the Demigod Gladiator began the quest for the Orb.
     0 | D:1      | Reached XP level 1. HP: 17/17 MP: 3/3
    21 | D:1      | You fall into a shaft and drop 1 floor!
    39 | D:2      | Reached skill level 3 in Staves
    59 | D:2      | Noticed Robin
    66 | D:2      | Reached XP level 2. HP: 16/24 MP: 4/4
    71 | D:2      | HP: 1/24 [Robin/+0 mace (4)]
    72 | D:2      | Slain by a goblin

Illustrated notes

Levels and vault maps discovered:
D:1:      onia_arrival_handbag, layout_loops_corners
D:2:      layout_loops_ring, shapermc_ecumenical_altar_mp_urbaneastern,
          basic_altar, uniq_robin, uniq_jessica, uniq_natasha

Skill      XL: |  1 |
---------------+----+-----
Staves         | 3 |  3.3
Fighting       | |  1.7
Throwing       | |  1.7
Dodging        | |  2.6

Action                   || total
-------------------------++-------
Melee: Quarterstaff      ||    33
Armor: Leather armour    ||    12
Dodge: Dodged            ||    20
